 Dungeon Crawl Stone Soup version 0.27-a0-1230-gfc7c993222 (webtiles) character file.

Game seed: 18387709579715081908

71 Glokmah the Sneak (level 4, 0/25 HPs)
             Began as a Vampire Enchanter on June 8, 2021.
             Slain by a quokka (4 damage)
             ... on level 3 of the Dungeon.
             The game lasted 00:04:02 (2175 turns).

Glokmah the Sneak (Vampire Enchanter)               Turns: 2175, Time: 00:04:03

Health: 0/25       AC:  2    Str: 11 (13) XL:     4   Next: 5%
Magic:  2/7        EV: 12    Int: 15 (17) God:
Gold:   114        SH:  0    Dex: 13 (15) Spells: 4/7 levels left

rFire    . . .     SeeInvis +   a - +1 dagger
rCold    + + .     Faith    .   (no shield)
rNeg     + + +     Spirit   .   b - +0 robe
rPois    ∞         Reflect  .   (no helmet)
rElec    .         Harm     .   (no cloak)
rCorr    .         Rampage  .   (no gloves)
Will     .....                  (no boots)
Stlth    +++.......             (no amulet)
HPRegen  0.00/turn              f - +6 ring of strength
MPRegen  0.10/turn              (no ring)

@: bloodless, very slow
A: bloodless, fangs 3, see invisible, vampiric 2
a: Bat Form, Revivify


You were on level 3 of the Dungeon.
You visited 1 branch of the dungeon, and saw 3 of its levels.

You collected 114 gold pieces.

Inventory:

Hand Weapons
 a - a +1 dagger (weapon)
Missiles
 e - 10 poisoned darts (quivered)
Armour
 b - a +0 robe (worn)
Jewellery
 f - a +6 ring of strength (left hand)
Scrolls
 i - a scroll of enchant weapon {unknown}
Potions
 d - 2 potions of degeneration {unknown}
 h - a potion of haste {unknown}
 j - 2 potions of lignification {unknown}
 k - a potion of ambrosia {unknown}


   Skills:
 + Level 1.0 Fighting
 * Level 1.7 Short Blades
 - Level 2.1 Dodging
 * Level 5.5 Stealth
 + Level 2.3 Spellcasting
 * Level 5.0 Hexes
 + Level 1.0 Ice Magic


You had 4 spell levels left.
You knew the following spells:

 Your Spells              Type           Power      Damage    Failure   Level
a - Corona                Hex            17%        N/A       2%          1
b - Ensorcelled Hibernat  Hex/Ice        20%        N/A       10%         2

Your spell library contained the following spells:

 Spells                   Type           Power      Damage    Failure   Level
 Confusing Touch          Hex            16%        N/A       9%          3
 Tukima's Dance           Hex            16%        N/A       9%          3
 Dazzling Flash           Conj/Hex       18%        N/A       22%         3


Dungeon Overview and Level Annotations

Branches:
Dungeon (3/15)

Altars:


Innate Abilities, Weirdness & Mutations

You do not regenerate when monsters are visible.
You are frail without blood (-20% HP).
You can heal yourself when you bite living creatures.
You are immune to poison.
You have razor-sharp teeth.
You have supernaturally acute eyesight. (SInv)
You are afflicted with vampirism and can become a bat while bloodless.


Message History

You feel weaker.
You feel weakened.
You feel dopey.
You feel clumsy. The quokka bites you.
* * * LOW HITPOINT WARNING * * *
The quokka bites you.
* * * LOW HITPOINT WARNING * * *
A rat comes into view.
A rat and a quokka come into view.
The helpless rat fails to defend itself.
You draw the rat's blood!
You feel better.
You hit the rat.
The rat is moderately wounded.
The rat closely misses you.
You hit the rat but do no damage.
The rat is moderately wounded.
The rat splashes around in the water.
As you read the scroll of fear, it crumbles to dust.
You assume a fearsome visage.
The quokka looks frightened! x3
The rat looks frightened! x2; The orc looks frightened!
The orc prays for help.
Your transformation has ended.
Your +1 dagger unmelds from your body.
Your +0 robe unmelds from your body.
Your +6 ring of strength unmelds from your body.
You feel stronger.
Splash!
You fall into the shallow water.
Moving in this stuff is going to be slow.
Cornered, the quokka turns to fight!
Cornered, the quokka turns to fight!
You hear the slow rusting of a drain.
The quokka bites you.
* * * LOW HITPOINT WARNING * * *
Casting: Ensorcelled Hibernation (safe; 10% risk of failure)
Confirm with . or Enter, or press ? or * to list all spells.
Aiming: Corona (safe; 2% risk of failure)
Press: ? - help, Shift-Dir - straight line, f - quokka
Aim: a quokka (chance to affect: 71%)
Okay, then.
Your unstable footing causes you to fumble your attack.
A quokka comes into view.
The quokka bites you.
You die...

*,**,**,,**≈######≈#####.....#
**,**,**,,*≈≈≈≈≈≈#≈o≈# *,....*
*,,,,,,,,,*≈≈≈*≈≈#≈≈≈# *,,,,,,
*****,***,**≈**≈≈##r##***,,,,,,
*,* *,*#≈*≈≈≈≈#≈#,,,,,,,,,, *,*
*,*#r*≈∩≈≈#≈#,,**,*,*,, *,*
*,##≈#*≈≈##≈##,**,*,,,, *,*
*,#r≈r####≈≈≈#,**,*,*,* *,*
*,#≈r≈@≈r≈≈≈≈#,,,,,,,,, *,*
*,##≈######≈##,,*,*,*,,
****,***,*#**,,,*###,,,*,*,*,,
*,,,,,,,,,,,,,,,,,,,,,,,,,,,,,
*,**,***,,,,,,,,,,*,,,,,,,,*,,
*,**,* *,,,,,,,,,,*,,,,,,,,*,,
*,**,***,,,,,,,,,,,,,,,,,,,,,,
*,**,,,,,,,,,,,,,,*,,,**,****,
*,*******,,,,,,,,,****,,,,,,,,


You could see 3 quokkas and 2 rats.

Vanquished Creatures
  An adder (D:2)
  5 dart slugs
  An orc (D:1)
  6 ball pythons
  5 endoplasms
  4 hobgoblins
  7 jackals (D:1)
  A quokka (D:2)
  5 bats
  A frilled lizard (D:2)
  2 goblins (D:2)
  3 kobolds (D:2)
  6 rats
47 creatures vanquished.

Notes
Turn   | Place    | Note
-------+----------+-------------------------------------------
     0 | D:1      | Glokmah the Vampire Enchanter began the quest for the Orb.
     0 | D:1      | Reached XP level 1. HP: 13/13 MP: 3/3
   132 | D:1      | Reached XP level 2. HP: 15/15 MP: 3/5
   140 | D:1      | Reached skill level 5 in Stealth
   396 | D:1      | Learned a level 2 spell: Ensorcelled Hibernation
   803 | D:1      | Gained mutation: You are afflicted with vampirism and can
                  | become a bat while bloodless. [Vampire growth]
   803 | D:1      | Reached XP level 3. HP: 14/20 MP: 1/6
  1766 | D:2      | Reached skill level 1 in Fighting
  1818 | D:2      | Found a faded altar of an unknown god.
  1890 | D:2      | Reached XP level 4. HP: 25/25 MP: 7/7
  1897 | D:2      | Reached skill level 1 in Ice Magic
  1914 | D:2      | Reached skill level 5 in Hexes
  2175 | D:3      | Slain by a quokka

Illustrated notes

Levels and vault maps discovered:
D:1:      scummos_arrival_hexagon, layout_rooms
D:2:      layout_basic, basic_ecumenical_altar, grunt_ministairs_3,
          patterned_corridor
D:3:      kennysheep_big_flooded_room, layout_basic, overflow_temple_1_default,
          serial_shops, shop, gup_sewer_entry_bubbles, uniq_grinder,
          uniq_natasha

Skill      XL: |  1  2  3  4 |
---------------+-------------+-----
Stealth        | 5 |  5.5
Fighting       | 1 |  1.0
Ice Magic      | 1 |  1.0
Hexes          | 5 |  5.0
Short Blades   | |  1.7
Dodging        | |  2.1
Spellcasting   | |  2.3

Action                   |  1- 3 |  4- 6 || total
-------------------------+-------+-------++-------
Melee: Dagger            |    76 |    18 ||    94
       Bite              |     6 |       ||     6
       Unarmed           |       |     2 ||     2
Throw: Dart              |     8 |       ||     8
 Cast: Corona            |     2 |       ||     2
       Ensorcelled Hiber |    16 |     3 ||    19
 Abil: Exsanguinate      |     1 |       ||     1
       End Transformatio |       |     1 ||     1
       Bat Form          |       |     1 ||     1
  Use: Scroll            |       |     3 ||     3
 Stab: Sleeping          |    28 |     3 ||    31
Armor: Robe              |    18 |     4 ||    22
Dodge: Dodged            |    37 |    25 ||    62

Table legend: (Time is in decaauts)
 A = Elapsed time spent in this place.
 B = Non-inter-level travel time spent in this place.
 C = Inter-level travel time spent in this place.
 D = Time resting spent in this place.
 E = Time spent auto-exploring this place.
 F = Levels seen in this place.
 G = Mean time per level.
                   A        B        C        D        E       F      G
               +--------+--------+--------+--------+--------+-----+--------+
         Total |   2173 |   2061 |    112 |    515 |   1056 |   3 |  724.3 |
       Dungeon |   2173 |   2061 |    112 |    515 |   1056 |   3 |  724.3 |
               +--------+--------+--------+--------+--------+-----+--------+

Top non-repeatable levels by time:
     D:1: 1190 daAuts
     D:2: 932 daAuts
     D:3: 50 daAuts
